[Event "ICCopen2017"]
[Site "Internet Chess Club"]
[Date "2017.03.25"]
[Round "2"]
[White "kamalchandran"]
[Black "flinkfinger"]
[Result "1/2-1/2"]
[ICCResult "Black stalemated"]
[WhiteElo "1779"]
[BlackElo "2177"]
[Opening "Sicilian defense"]
[ECO "B40"]
[NIC "SI.43"]
[Time "14:17:28"]
[TimeControl "180+0"]

1. e4 c5 2. Nf3 e6 3. d3 Nc6 4. g3 d5 5. Nbd2 Nf6 6. Bg2 Be7 7. O-O O-O 8.
c3 b6 9. Qe2 Bb7 10. Nb3 a5 11. a4 Qc7 12. Bf4 e5 13. exd5 exf4 14. dxc6
Bxc6 15. d4 Rfe8 16. Qd2 fxg3 17. hxg3 c4 18. Nc1 Qb7 19. Nh4 Bxg2 20. Nxg2
b5 21. axb5 Qxb5 22. Ne2 Nd5 23. Nef4 Nxf4 24. Nxf4 Bd6 25. Rab1 a4 26. Ne2
Rab8 27. Rfe1 Qd7 28. Qg5 a3 29. Qd2 axb2 30. Rxb2 Rxb2 31. Qxb2 h5 32. Qd2
h4 33. gxh4 Qg4+ 34. Ng3 Re6 35. Rxe6 fxe6 36. Qg5 Qxg5 37. hxg5 Bxg3 38.
fxg3 Kf7 39. Kf2 Kg6 40. Kf3 Kxg5 41. Ke4 Kg4 42. Ke5 Kxg3 43. Kxe6 g5 44.
d5 g4 45. d6 Kf3 46. d7 g3 47. d8=Q g2 48. Qd4 Ke2 49. Qg1 Kd3 50. Kf5 Kxc3
51. Qxg2 Kb3 52. Ke4 c3 53. Kd3 c2 54. Qxc2+ Ka3 55. Qc3+ Ka4 56. Qc5 Kb3
57. Qc4+ Ka3 58. Qc1+ Ka2 59. Qd1 Kb2 60. Qe2+ Kb3 61. Qe8 Kb4 62. Qc8 Kb5
63. Qc4+ Ka5 64. Kc3 Kb6 65. Qd4+ Ka5 66. Qc4 Kb6 67. Kd4 Ka5 68. Kd5 Kb6
69. Ke6 Ka5 70. Kd6 Kb6 71. Kd7 Ka5 72. Kc7 {Black stalemated} 1/2-1/2

[Event "ICCopen2017"]
[Site "Internet Chess Club"]
[Date "2017.03.25"]
[Round "2"]
[White "cloak1"]
[Black "Papasha"]
[Result "0-1"]
[ICCResult "White forfeits on time"]
[WhiteElo "1849"]
[BlackElo "2521"]
[Opening "Queen's pawn: Torre attack"]
[ECO "A46"]
[NIC "QP.04"]
[Time "14:18:00"]
[TimeControl "180+0"]

1. d4 Nf6 2. Nf3 e6 3. Bg5 h6 4. Bh4 c5 5. c3 cxd4 6. cxd4 Nc6 7. Nc3 Be7 8.
e3 Qb6 9. Qc2 d5 10. Be2 Bd7 11. O-O Rc8 12. Qd2 g5 13. Bg3 Bb4 14. Bd3 Qa5
15. a3 Bxc3 16. bxc3 Ne4 17. Bxe4 dxe4 18. Ne5 f6 19. Nc4 Qa6 20. Nd6+ Ke7
21. Nxc8+ Bxc8 22. d5 Rd8 23. d6+ Kf7 24. Qc2 Qc4 25. Rfd1 e5 26. f3 Bf5 27.
Qa2 Na5 28. Qxc4+ Nxc4 29. Rab1 b6 30. Rb4 Nxe3 31. Rd2 exf3 32. gxf3 Be6
33. Bf2 Nc4 34. Rd1 Ke8 35. a4 Kd7 36. Rbb1 Kc6 37. Kg2 a5 38. Kg3 Rxd6 39.
Rxd6+ Kxd6 40. Bxb6 Bf5 41. Rb5 Bd7 42. Rb1 Bxa4 43. Bxa5 Bc2 44. Rc1 Bf5
45. Bb4+ Ke6 46. Rd1 h5 47. Rd8 h4+ 48. Kf2 Bh3 49. Re8+ Kf5 50. Rh8 Kg6 51.
Rf8 Be6 52. Rb8 h3 53. Rb5 g4 54. Rc5 gxf3 55. Kxf3 Nd2+ 56. Ke2 Ne4 57. Rc7
Ng5 58. Rb7 Bg4+ 59. Kf2 Nf3 60. Kg3 f5 61. Rb8 Kg5 62. Rg8+ Kf6 63. Rf8+
Ke6 64. Rg8 Kf7 65. Rxg4 fxg4 66. Kxg4 Nxh2+ 67. Kxh3 Nf1
{White forfeits on time}
0-1

[Event "ICCopen2017"]
[Site "Internet Chess Club"]
[Date "2017.03.25"]
[Round "2"]
[White "zhuzhenghai008"]
[Black "Iandmyself"]
[Result "1-0"]
[ICCResult "Black checkmated"]
[WhiteElo "1890"]
[BlackElo "2491"]
[Opening "King's Indian: fianchetto, classical main line"]
[ECO "E69"]
[NIC "KI.62"]
[Time "14:18:05"]
[TimeControl "180+0"]

1. d4 Nf6 2. c4 g6 3. g3 Bg7 4. Bg2 d6 5. Nf3 O-O 6. O-O Nbd7 7. Nc3 e5 8.
e4 c6 9. h3 Qb6 10. d5 cxd5 11. cxd5 Nc5 12. Qe2 Bd7 13. Be3 Rfc8 14. Rfc1
a5 15. Nd2 Qd8 16. Nc4 Be8 17. Na3 a4 18. Rc2 Qa5 19. Rac1 Na6 20. Ncb5 Rxc2
21. Rxc2 Nb4 22. Bd2 Ra6 23. Rc8 Rb6 24. Qc4 Bf8 25. Bxb4 Qa6 26. Nc3 Qa7
27. Nab5 Qa6 28. Bf1 Bd7 29. Rxf8+ Kxf8 30. Qc7 Bxb5 31. Bxb5 Rxb5 32. Nxb5
Qxb5 33. Qxd6+ Kg7 34. Qf8# {Black checkmated} 1-0

[Event "ICCopen2017"]
[Site "Internet Chess Club"]
[Date "2017.03.25"]
[Round "2"]
[White "mongmong"]
[Black "Marcoluis"]
[Result "1-0"]
[ICCResult "Black forfeits on time"]
[WhiteElo "1384"]
[BlackElo "1646"]
[Opening "King's Indian: 5.Nf3"]
[ECO "E90"]
[NIC "KI.21"]
[Time "14:18:19"]
[TimeControl "180+0"]

1. d4 Nf6 2. Nf3 g6 3. c4 Bg7 4. Nc3 d6 5. e4 O-O 6. g3 e5 7. dxe5 dxe5 8.
Qxd8 Rxd8 9. Be2 Re8 10. O-O c6 11. Kg2 Na6 12. a3 Nc5 13. Nd2 a5 14. b3 Ne6
15. Bb2 Nd4 16. Bd3 Bh6 17. Nf3 Nxb3 18. Rad1 Bg4 19. Na4 Nd4 20. Bxd4 exd4
21. Rb1 Rab8 22. h3 Bxf3+ 23. Kxf3 Nd7 24. Kg2 b6 25. f4 Bf8 26. Ra1 Nc5 27.
Nxc5 Bxc5 28. Rfb1 Re7 29. Kf3 Rbe8 30. g4 f5 31. Re1 fxe4+ 32. Rxe4 Kg7 33.
a4 Kf7 34. Rae1 Rxe4 35. Rxe4 Rc8 36. Re2 Rc7 37. f5 gxf5 38. Bxf5 Re7 39.
Rxe7+ Kxe7 40. Bxh7 Bd6 41. Bd3 c5 42. Ke4 Ke6 43. h4 Be7 44. h5 Bg5 45. Kf3
Ke5 46. Bg6 d3 47. Bxd3 Kd4 48. Bf1 Kc3 49. Ke4 Kb4 50. Kd5 Kxa4 51. Kc6 Kb4
52. Kxb6 a4 53. Bd3 a3 54. Bb1 Kxc4 55. Ba2+ Kb4 56. Kc6 c4 57. Kd5 c3 58.
Bb1 Kb3 59. Kd4 c2 60. Bxc2+ Kxc2 61. Ke4 a2 62. Kf5 Bd2 63. g5 a1=Q 64. g6
Qg7 65. Kg4 Bh6 66. Kh4 {Black forfeits on time} 1-0

[Event "ICCopen2017"]
[Site "Internet Chess Club"]
[Date "2017.03.25"]
[Round "2"]
[White "demchog97"]
[Black "Darnoc"]
[Result "0-1"]
[ICCResult "White forfeits on time"]
[WhiteElo "1985"]
[BlackElo "2913"]
[Opening "QGD Slav defense: exchange variation"]
[ECO "D10"]
[NIC "SL.01"]
[Time "14:18:14"]
[TimeControl "180+0"]

1. d4 d5 2. c4 c6 3. cxd5 cxd5 4. Nc3 Nc6 5. f3 e5 6. dxe5 d4 7. Ne4 Qa5+ 8.
Bd2 Qxe5 9. Rc1 Bf5 10. Qb3 Bxe4 11. fxe4 Qc7 12. Nf3 O-O-O 13. e3 dxe3 14.
Bxe3 Bb4+ 15. Kf2 Nf6 16. Bb5 Nxe4+ 17. Ke2 Nd2 18. Nxd2 Bxd2 19. Bxc6 Bxc1
20. Bxb7+ Qxb7 21. Rxc1+ Kb8 22. Qa3 Qxg2+ 23. Ke1 Qh1+ 24. Ke2 Qxh2+ 25.
Ke1 Qh1+ 26. Ke2 Qg2+ 27. Ke1 Rd7 28. Qb4+ Ka8 29. Qc3 Re8 30. Rc2 Qh1+ 31.
Ke2 Qg2+ 32. Ke1 Qh1+ 33. Ke2 Qd1+ 34. Kf2 Qd5 35. Qc6+ Qxc6 36. Rxc6 Rde7
{White forfeits on time}
0-1

[Event "ICCopen2017"]
[Site "Internet Chess Club"]
[Date "2017.03.25"]
[Round "2"]
[White "sanka"]
[Black "Mephisto521"]
[Result "0-1"]
[ICCResult "White forfeits on time"]
[WhiteElo "1289"]
[BlackElo "1626"]
[Opening "French defense"]
[ECO "C00"]
[NIC "FR.01"]
[Time "14:18:24"]
[TimeControl "180+0"]

1. e4 e6 2. Nf3 d5 3. exd5 exd5 4. d4 c5 5. dxc5 Nc6 6. Bb5 Nf6 7. Bg5 Bxc5
8. O-O O-O 9. Nc3 a6 10. Bd3 b5 11. Bxf6 Qxf6 12. Nxd5 Qxb2 13. Ng5 f5 14.
Qh5 h6 15. Nf3 Be6 16. Nf4 Bf7 17. Qh3 Qf6 18. Bxf5 Bd5 19. Nxd5 Qxf5 20.
Qxf5 Rxf5 21. Ne3 Rff8 22. Rad1 Bxe3 23. fxe3 Nb4 24. Rd7 Nxc2 25. Rc1 Nxe3
26. Rcc7 Nf5 27. Ne5 Rac8 28. Ng6 Rxc7 29. Nxf8 Rc1+ 30. Kf2 Kxf8 31. g4
Rc2+ 32. Kf3 Nh4+ 33. Kg3 g5 34. Ra7 Rxa2 35. h3 b4 36. Ra8+ Kf7 37. Ra7+
Kf6 38. Rf7+ Ke6 39. Rf6+ Kd5 40. Rd6+ Kc4 41. Rd4+ Kb5 42. Rxb4+ Ka5 43.
Rb5+ Ka4 44. Ra5+ Kb3 45. Rxg5 Rg2+ 46. Kxh4 hxg5+ 47. Kxg5 a5 48. h4 a4 49.
Kg6 a3 50. h5 a2 51. h6 a1=Q 52. g5 Qa6+ {White forfeits on time} 0-1

[Event "ICCopen2017"]
[Site "Internet Chess Club"]
[Date "2017.03.25"]
[Round "2"]
[White "damjan04"]
[Black "MAU"]
[Result "1/2-1/2"]
[ICCResult "Game drawn because neither player has mating material"]
[WhiteElo "1409"]
[BlackElo "1765"]
[Opening "QGD Slav: 4.e3"]
[ECO "D11"]
[Time "14:18:54"]
[TimeControl "180+0"]

1. e3 d5 2. d4 Nf6 3. c4 c6 4. Nf3 Bg4 5. Be2 e6 6. O-O Bd6 7. h3 Bh5 8. Nc3
Nbd7 9. Ne1 Bg6 10. Bd3 a6 11. Bxg6 hxg6 12. Qe2 Qe7 13. e4 dxe4 14. Nxe4
Nxe4 15. Qxe4 Nf6 16. Qe2 Bc7 17. Bg5 Qd6 18. Nf3 O-O-O 19. Ne5 Rdf8 20.
Rad1 Rh5 21. Bf4 Qe7 22. Qf3 Rf5 23. g4 Nxg4 24. hxg4 Bxe5 25. dxe5 Rxf4 26.
Qxf4 Rh8 27. Qg3 Qg5 28. f4 Qh6 29. Kf2 f6 30. exf6 gxf6 31. Rh1 Qg7 32.
Rxh8+ Qxh8 33. Qg2 e5 34. Rh1 Qd8 35. Qh2 Qd2+ 36. Kg3 Qe3+ 37. Kh4 g5+ 38.
fxg5 Qxg5+ 39. Kg3 Qe3+ 40. Kg2 Qe2+ 41. Kh3 Qe3+ 42. Qg3 Qh6+ 43. Kg2 Qd2+
44. Qf2 Qg5 45. Qf5+ Qxf5 46. gxf5 Kd7 47. Kf3 Kd6 48. Ke4 Kc5 49. b3 Kb4
50. Rh6 Ka3 51. Rxf6 Kxa2 52. Rf7 Kxb3 53. Rxb7+ Kxc4 54. f6 c5 55. f7 a5
56. f8=Q a4 57. Rc7 a3 58. Qxc5+ Kb3 59. Qc4+ Kb2 60. Rb7+ Ka1 61. Qc1+ Ka2
62. Qa1+ Kxa1 63. Kxe5 a2 64. Ra7 Kb2 65. Rb7+ Ka1 66. Rh7 Kb2 67. Rh2+ Kb1
68. Rh1+ Kb2 69. Rh2+ Kb1 70. Rxa2 Kxa2
{Game drawn because neither player has mating material}
1/2-1/2

[Event "ICCopen2017"]
[Site "Internet Chess Club"]
[Date "2017.03.25"]
[Round "2"]
[White "kingaj13"]
[Black "irishman1"]
[Result "1-0"]
[ICCResult "Black forfeits on time"]
[WhiteElo "1708"]
[BlackElo "1337"]
[Opening "French: Tarrasch, closed variation"]
[ECO "C05"]
[NIC "FR.16"]
[Time "14:18:08"]
[TimeControl "180+0"]

1. e4 e6 2. d4 d5 3. Nd2 Nf6 4. e5 Nfd7 5. f4 c5 6. dxc5 Bxc5 7. Nb3 Be7 8.
Nf3 Nc6 9. Be2 Qb6 10. Qd2 Bb4 11. c3 Be7 12. Qe3 Nc5 13. O-O a5 14. Nbd4
Ne4 15. Nxc6 Qxc6 16. Nd4 Qb6 17. Bd3 Bc5 18. Bxe4 dxe4 19. Qxe4 Bd7 20. f5
Bc6 21. Qg4 O-O-O 22. fxe6 Rxd4 23. cxd4 Bxd4+ 24. Kh1 Bxe5 25. exf7+ Kb8
26. f8=Q+ Rxf8 27. Rxf8+ Ka7 28. Qc8 Qc5 29. Bd2 Qd5 30. Be3+ Ka6 31. Qa8+
Kb5 32. a4+ Kb4 33. Rf2 b6 34. Qf8+ Bd6 35. Qxg7 Be5 36. Qxh7 Bxa4 37. Bd2+
Kb5 38. Rxa4 Kxa4 39. Qh4+ Kb5 40. Qg4 Qc5 41. Qe2+ Kc6 42. Bc3 Bxc3 43.
bxc3 {Black forfeits on time} 1-0

[Event "ICCopen2017"]
[Site "Internet Chess Club"]
[Date "2017.03.25"]
[Round "2"]
[White "wakawaka"]
[Black "achessman"]
[Result "0-1"]
[ICCResult "White forfeits on time"]
[WhiteElo "1428"]
[BlackElo "1737"]
[Opening "Caro-Kann: Hillbilly attack"]
[ECO "B10"]
[NIC "CK.01"]
[Time "14:18:58"]
[TimeControl "180+0"]

1. e4 c6 2. Bc4 d5 3. exd5 cxd5 4. Bb3 Nf6 5. Ne2 Nc6 6. d4 Bg4 7. f3 Bh5 8.
O-O e6 9. c3 Bd6 10. Bf4 O-O 11. Nd2 Bg6 12. Bc2 a6 13. Re1 b5 14. h4 b4 15.
Bg5 Qc7 16. Bxf6 gxf6 17. Kh1 Bg3 18. Rg1 Bf2 19. Rf1 Bxh4 20. Ng1 bxc3 21.
bxc3 Bxc2 22. Qxc2 Nxd4 23. Qd3 Nf5 {White forfeits on time} 0-1

[Event "ICCopen2017"]
[Site "Internet Chess Club"]
[Date "2017.03.25"]
[Round "2"]
[White "Natik"]
[Black "mehrdad1978"]
[Result "1-0"]
[ICCResult "Black forfeits on time"]
[WhiteElo "2443"]
[BlackElo "1836"]
[Opening "Grünfeld: Three knights variation"]
[ECO "D90"]
[NIC "GI.07"]
[Time "14:18:14"]
[TimeControl "180+0"]

1. d4 Nf6 2. c4 g6 3. Nc3 d5 4. Nf3 Bg7 5. h4 h5 6. Bg5 Be6 7. Bxf6 Bxf6 8.
cxd5 Bxd5 9. e4 Be6 10. d5 Bg4 11. Be2 c6 12. Qb3 Qb6 13. Qa3 Bxf3 14. Bxf3
Bd4 15. O-O Bc5 16. Qa4 O-O 17. e5 cxd5 18. Nxd5 Qd8 19. Rad1 Qe8 20. Qxe8
Rxe8 21. Nc7 Nc6 22. Nxa8 Rxa8 23. Bxc6 bxc6 24. Rd7 Rb8 25. b3 e6 26. Rc1
Rb5 27. Rc7 Bd4 28. R7xc6 Rxe5 29. R1c2 Bb6 30. g3 Kg7 31. Kg2 Rf5 32. b4
Bd4 33. a4 e5 34. Rd2 g5 35. hxg5 Rxg5 36. Kh3 Rg4 37. f3 Rg6 38. Kh4 Rxc6
39. Kxh5 Rc4 40. g4 Rxb4 41. Kh4 Rxa4 42. Re2 a5 43. Rd2
{Black forfeits on time}
1-0

[Event "ICCopen2017"]
[Site "Internet Chess Club"]
[Date "2017.03.25"]
[Round "2"]
[White "Zoogzwang"]
[Black "The7thGuest"]
[Result "1-0"]
[ICCResult "Black forfeits on time"]
[WhiteElo "2197"]
[BlackElo "1778"]
[Opening "Caro-Kann: anti-anti-Caro-Kann defense"]
[ECO "B10"]
[NIC "CK.01"]
[Time "14:18:03"]
[TimeControl "180+0"]

1. e4 c6 2. c4 d5 3. cxd5 cxd5 4. exd5 Nf6 5. d4 Nxd5 6. Nc3 Nxc3 7. bxc3
Nc6 8. Bc4 e6 9. Ne2 Bd6 10. O-O O-O 11. Be3 e5 12. h3 exd4 13. cxd4 Bf5 14.
Rc1 Rc8 15. Qa4 a6 16. Bd5 Bh2+ 17. Kxh2 Qxd5 18. Rc5 Qd7 19. Ng3 Bg6 20.
Rfc1 Rcd8 21. d5 Ne5 22. Qd4 Nd3 23. Nh5 Bxh5 24. Qxd3 Bg6 25. Qd4 Qd6+ 26.
Bf4 Qb6 27. d6 h6 28. Qd2 Kh7 29. Rc7 Qb5 30. R1c5 Qb1 31. Rc3 b5 32. R3c6
a5 33. d7 Qf1 34. Rd6 b4 35. h4 h5 36. Bg3 Qb5 37. Rd5 Qb6 38. Rdc5 Qf6 39.
Rc8 Rxc8 40. dxc8=Q Rxc8 41. Rxc8 Qe6 42. Qd8 Bf5 43. Qh8+ Kg6 44. Rg8 Qf6
45. Ra8 Be6 46. Qd8 Qxd8 47. Rxd8 Bxa2 48. Ra8 b3 49. Rxa5 b2 50. Rb5 b1=Q
51. Rxb1 Bxb1 52. Bf4 Bf5 53. Be3 Be6 54. Kg3 Kf5 55. f3 g6 56. Kf2 Ke5 57.
g4 Kd5 58. gxh5 gxh5 59. Kg3 {Black forfeits on time} 1-0

[Event "ICCopen2017"]
[Site "Internet Chess Club"]
[Date "2017.03.25"]
[Round "2"]
[White "uncledougie"]
[Black "GYMEJR"]
[Result "1-0"]
[ICCResult "Black checkmated"]
[WhiteElo "1979"]
[BlackElo "1554"]
[Opening "QGD Slav defense"]
[ECO "D10"]
[NIC "SL.01"]
[Time "14:18:26"]
[TimeControl "180+0"]

1. d4 d5 2. c4 c6 3. e3 Nf6 4. Bd3 Bg4 5. Qc2 Bh5 6. Ne2 Bg6 7. O-O e6 8.
Nbc3 Bd6 9. e4 dxe4 10. Nxe4 Nxe4 11. Bxe4 Bxe4 12. Qxe4 Nd7 13. Be3 Nf6 14.
Qf3 Qc7 15. h3 O-O 16. Bg5 Be7 17. Rac1 Qd7 18. Rfd1 Rad8 19. Nf4 h6 20.
Bxf6 Bxf6 21. d5 cxd5 22. cxd5 e5 23. Nh5 Bg5 24. Rc2 Rc8 25. Re2 Rfe8 26.
Qg3 Qb5 27. Rxe5 Qxb2 28. Rxe8+ Rxe8 29. d6 Qe2 30. Qd3 Qxh5 31. d7 Rd8 32.
Re1 f5 33. Qd5+ Kh8 34. Qxf5 g6 35. Qf7 Qh4 36. Re8+ Rxe8 37. dxe8=Q#
{Black checkmated}
1-0

[Event "ICCopen2017"]
[Site "Internet Chess Club"]
[Date "2017.03.25"]
[Round "2"]
[White "Sellect"]
[Black "fishmaster"]
[Result "1-0"]
[ICCResult "Black checkmated"]
[WhiteElo "1493"]
[BlackElo "1728"]
[Opening "King's Indian: Sämisch, 5...O-O"]
[ECO "E81"]
[NIC "KI.48"]
[Time "14:18:12"]
[TimeControl "180+0"]

1. d4 Nf6 2. c4 g6 3. Nc3 Bg7 4. e4 d6 5. f3 O-O 6. Be3 Nbd7 7. Nh3 c5 8.
Nf2 cxd4 9. Bxd4 a6 10. Be2 Ne5 11. O-O Nc6 12. Be3 e5 13. Qd2 Be6 14. b3
Qc7 15. Rac1 Rad8 16. Nd5 Bxd5 17. cxd5 Qa5 18. dxc6 Qxd2 19. Bxd2 bxc6 20.
Rxc6 Rc8 21. Rfc1 Ra8 22. Rxd6 Nh5 23. g4 Nf4 24. Bxf4 exf4 25. Nd3 Rfd8 26.
Rxd8+ Rxd8 27. Rc6 a5 28. Kf1 h6 29. Ra6 Bc3 30. Nxf4 Rd2 31. Nd5 Be5 32.
Rxa5 Bxh2 33. a4 Rb2 34. Rb5 Ra2 35. a5 Be5 36. f4 Bd4 37. a6 Ra1+ 38. Kg2
Kg7 39. Rb7 Ra2 40. Kf3 h5 41. gxh5 gxh5 42. f5 h4 43. Nf4 Kf6 44. Bc4 Ke5
45. Nd3+ Kf6 46. Rxf7+ Kg5 47. Rg7+ Kf6 48. Rg6+ Ke7 49. Re6+ Kd7 50. Kg4 h3
51. Kxh3 Ra1 52. Ne5+ Kd8 53. Nc6+ Kd7 54. Ne5+ Kd8 55. f6 Bxe5 56. Rxe5 Kd7
57. f7 Rh1+ 58. Kg2 Rh8 59. Re8 Rxe8 60. fxe8=Q+ Kxe8 61. a7 Ke7 62. a8=Q
Kd7 63. Qd5+ Ke7 64. e5 Ke8 65. e6 Ke7 66. Qd7+ Kf6 67. Qf7+ Ke5 68. e7 Kd6
69. e8=Q Kc5 70. Qee6 Kb4 71. Qd6+ Kc3 72. Qf3+ Kb2 73. Qd2+ Ka3 74. Qa8#
{Black checkmated}
1-0

[Event "ICCopen2017"]
[Site "Internet Chess Club"]
[Date "2017.03.25"]
[Round "2"]
[White "egya"]
[Black "Vertdeces"]
[Result "0-1"]
[ICCResult "White forfeits on time"]
[WhiteElo "1787"]
[BlackElo "1659"]
[Opening "Nimzovich-Larsen attack"]
[ECO "A01"]
[NIC "VO.08"]
[Time "14:18:03"]
[TimeControl "180+0"]

1. b3 Nc6 2. Bb2 Nf6 3. e3 e6 4. c4 d5 5. Nc3 Be7 6. Nf3 O-O 7. d4 b6 8. Rc1
Bb7 9. cxd5 exd5 10. Na4 Bb4+ 11. Bc3 Qe7 12. Bb5 a6 13. Bxc6 Bxc6 14. Bxb4
Qxb4+ 15. Nc3 Ne4 16. Qc2 Bb5 17. a3 Qxa3 18. Nxb5 axb5 19. O-O c5 20. Ne5
c4 21. bxc4 bxc4 22. Nd7 Rfd8 23. Nxb6 Rab8 24. Na4 Rb4 25. Ra1 Qd3 26. Qxd3
cxd3 27. f3 Nd2 28. Rfd1 Nb3 29. Rab1 Rdb8 30. Rxd3 Rxa4 31. Rdxb3 Rc8 32.
Rb8 Rc4 33. Kf2 g5 34. Kg3 h5 35. h4 f6 36. hxg5 fxg5 37. f4 h4+ 38. Kg4
gxf4 39. Kxf4 Rxb8 40. Rxb8+ Kf7 41. Rb6 Rc2 42. Rd6 Rxg2 43. Rxd5 Kg6 44.
Kf3 Ra2 45. Rd8 Ra3 46. Rh8 Kg5 47. Ke4 Kg4 48. d5 h3 49. d6 Ra4+ 50. Ke5
Ra5+ 51. Ke6 Rh5 52. Ke7 Rxh8 53. d7 Rh7+ 54. Ke6 Rxd7 55. Kxd7 Kf3
{White forfeits on time}
0-1

[Event "ICCopen2017"]
[Site "Internet Chess Club"]
[Date "2017.03.25"]
[Round "2"]
[White "Mormegil"]
[Black "Gais"]
[Result "1/2-1/2"]
[ICCResult "White ran out of time and Black has no material to mate"]
[WhiteElo "1743"]
[BlackElo "1505"]
[Opening "English opening"]
[ECO "A05"]
[NIC "QP.11"]
[Time "14:18:17"]
[TimeControl "180+0"]

1. Nf3 Nf6 2. c4 g6 3. g3 Bg7 4. Bg2 c5 5. d3 Nc6 6. Nc3 O-O 7. Bg5 h6 8.
Be3 d6 9. h3 Qc7 10. Qd2 Kh7 11. O-O Rb8 12. a4 a6 13. a5 Rd8 14. Bf4 Nd7
15. Nd5 e5 16. Nxc7 exf4 17. Qxf4 Nde5 18. Nxe5 dxe5 19. Qd2 f5 20. Nd5 Be6
21. f4 exf4 22. Nxf4 Bf7 23. Bd5 Bxd5 24. Nxd5 Nd4 25. e3 Nb3 26. Qf2 Nxa1
27. Rxa1 Re8 28. Re1 Rf8 29. Kg2 Rbe8 30. Qf4 Be5 31. Qh4 g5 32. Qh5 Bg7 33.
d4 cxd4 34. Nc7 Re7 35. Nd5 Ree8 36. Qd1 dxe3 37. Rxe3 Rc8 38. b3 f4 39.
gxf4 gxf4 40. Re7 Kh8 41. Qg4 Rg8 42. Kf3 Rcf8 43. Rxb7 Be5 44. Ne7 Rxg4 45.
hxg4 Rf6 46. Rb6 Kg7 47. Nf5+ Kf7 48. Nxh6+ Kg7 49. Rxf6 Bxf6 50. Nf5+ Kf7
51. c5 Bc3 52. Nd6+ Ke6 53. Nc4 Kd5 54. Kxf4 Kxc5 55. Kf5 Kb4 56. g5 Kxb3
57. Ne5 Bxa5 58. g6 Bd8 59. g7 Be7 60. g8=Q+ Kb4 61. Qe6 Kc5 62. Qxe7+ Kd4
63. Qd6+ Kc3 64. Qd5 Kb4 65. Qc4+ Ka3 66. Qxa6+ Kb3 67. Qc6 Kb2 68. Qc5 Kb3
69. Qd4 Kc2 70. Qe3 Kb2 71. Qd3 Kc1
{White ran out of time and Black has no material to mate}
1/2-1/2

[Event "ICCopen2017"]
[Site "Internet Chess Club"]
[Date "2017.03.25"]
[Round "2"]
[White "HangMySack"]
[Black "lodzyu"]
[Result "1-0"]
[ICCResult "Black forfeits on time"]
[WhiteElo "1734"]
[BlackElo "1362"]
[Opening "Réti opening"]
[ECO "A04"]
[NIC "QP.11"]
[Time "14:18:19"]
[TimeControl "180+0"]

1. Nf3 e6 2. d4 d6 3. e4 b6 4. Bb5+ Nd7 5. Bc6 Rb8 6. d5 e5 7. c4 Bb7 8. Qa4
Bxc6 9. Qxc6 Ne7 10. Qa4 a5 11. Nc3 f6 12. Be3 g6 13. O-O-O Bg7 14. h4 Kf7
15. h5 Nc5 16. Bxc5 bxc5 17. h6 Bf8 18. Qc2 Rg8 19. Qd2 g5 20. Ng1 Ng6 21.
Nge2 Nf4 22. Ng3 Ng6 23. Nf5 Nf4 24. g3 Ng6 25. Rh5 {Black forfeits on time}
1-0

[Event "ICCopen2017"]
[Site "Internet Chess Club"]
[Date "2017.03.25"]
[Round "2"]
[White "nmd"]
[Black "Khanzer17"]
[Result "1-0"]
[ICCResult "Black forfeits on time"]
[WhiteElo "1536"]
[BlackElo "1898"]
[Opening "KGD: Falkbeer counter-gambit"]
[ECO "C31"]
[NIC "KG.04"]
[Time "14:19:07"]
[TimeControl "180+0"]

1. e4 e5 2. f4 d5 3. exd5 exf4 4. d4 Nf6 5. Nf3 Nxd5 6. Bd3 Bd6 7. O-O O-O
8. c4 Ne3 9. Bxe3 fxe3 10. Qc2 h6 11. Nc3 Bg4 12. Rae1 {Black forfeits on
time} 1-0

[Event "ICCopen2017"]
[Site "Internet Chess Club"]
[Date "2017.03.25"]
[Round "2"]
[White "GrandPatzer5"]
[Black "Ososul"]
[Result "1-0"]
[ICCResult "Black checkmated"]
[WhiteElo "1933"]
[BlackElo "1551"]
[Opening "Dunst (Sleipner, Heinrichsen) opening"]
[ECO "A00"]
[NIC "VO.15"]
[Time "14:20:01"]
[TimeControl "180+0"]

1. Nc3 d5 2. e4 dxe4 3. Nxe4 Nf6 4. Nxf6+ exf6 5. Bc4 Bd6 6. Ne2 O-O 7. O-O
Nc6 8. d4 Bg4 9. c3 Qd7 10. Be3 Rfe8 11. Qd2 Bh5 12. Ng3 Bg6 13. Rae1 Rad8
14. f4 Be4 15. Nxe4 Rxe4 16. Bd3 Ree8 17. Qf2 f5 18. Re2 g6 19. Rfe1 Bf8 20.
Bd2 Bg7 21. b4 a6 22. a4 Ne7 23. Bc4 c6 24. h3 Nd5 25. Rxe8+ Rxe8 26. Rxe8+
Qxe8 27. Qe2 Qxe2 28. Bxe2 Kf8 29. Kf2 Ke7 30. g3 b5 31. a5 Kd6 32. Bd3 h5
33. Kf3 Bf6 34. c4 bxc4 35. Bxc4 Bxd4 36. Bxa6 Bc3 37. Bxc3 Nxc3 38. Bc4 Nd5
39. Bxd5 cxd5 40. Ke3 Kc6 41. Kd4 Kd6 42. b5 f6 43. h4 g5 44. a6 gxh4 45.
gxh4 Kc7 46. Kxd5 Kb6 47. Ke6 Ka7 48. Kxf6 Kb6 49. Kxf5 Kxb5 50. a7 Kc4 51.
a8=Q Kc5 52. Qe4 Kd6 53. Qe5+ Kc6 54. Ke6 Kb6 55. Qc3 Kb5 56. Kd5 Kb6 57.
Qc6+ Ka5 58. Qb7 Ka4 59. Kc4 Ka3 60. Qb3# {Black checkmated} 1-0

[Event "ICCopen2017"]
[Site "Internet Chess Club"]
[Date "2017.03.25"]
[Round "3"]
[White "The7thGuest"]
[Black "darkprince"]
[Result "1-0"]
[ICCResult "Black checkmated"]
[WhiteElo "1780"]
[BlackElo "1254"]
[Opening "Sicilian: Alapin's variation (2.c3)"]
[ECO "B22"]
[NIC "SI.46"]
[Time "14:27:22"]
[TimeControl "180+0"]

1. e4 c5 2. c3 e6 3. d4 cxd4 4. cxd4 d6 5. Nc3 Be7 6. Nf3 Nf6 7. Bd3 O-O 8.
e5 Ne8 9. h4 d5 10. Bxh7+ Kxh7 11. Ng5+ Kg6 12. h5+ Kf5 13. Qf3#
{Black checkmated}
1-0

[Event "ICCopen2017"]
[Site "Internet Chess Club"]
[Date "2017.03.25"]
[Round "3"]
[White "Qualm"]
[Black "DEHO"]
[Result "0-1"]
[ICCResult "White resigns"]
[WhiteElo "1668"]
[BlackElo "2038"]
[Opening "Scandinavian: Pytel-Wade variation"]
[ECO "B01"]
[NIC "SD.02"]
[Time "14:27:17"]
[TimeControl "180+0"]

1. e4 d5 2. exd5 Qxd5 3. Nc3 Qd6 4. d4 Nf6 5. Nf3 c6 6. Ne5 Nbd7 7. Bf4 Nd5
8. Bg3 Nxc3 9. bxc3 Qa3 10. Bc4 Nxe5 11. Bxe5 Qxc3+ {White resigns} 0-1

[Event "ICCopen2017"]
[Site "Internet Chess Club"]
[Date "2017.03.25"]
[Round "3"]
[White "Gravity"]
[Black "blunder23"]
[Result "0-1"]
[ICCResult "White resigns"]
[WhiteElo "1062"]
[BlackElo "1441"]
[Opening "Queen's gambit accepted"]
[ECO "D20"]
[NIC "QG.03"]
[Time "14:27:20"]
[TimeControl "180+0"]

1. d4 d5 2. c4 dxc4 3. Nc3 c5 4. e3 cxd4 5. exd4 Nf6 6. Bxc4 a6 7. a3 b5 8.
Ba2 Bb7 9. Nf3 e6 10. O-O Bd6 11. Bg5 h6 12. Rc1 hxg5 13. Nxg5 Nd5 14. Qf3
Qxg5 15. Bxd5 Bxh2+ {White resigns} 0-1

[Event "ICCopen2017"]
[Site "Internet Chess Club"]
[Date "2017.03.25"]
[Round "3"]
[White "alejandrorios"]
[Black "arbuzio"]
[Result "1-0"]
[ICCResult "Black resigns"]
[WhiteElo "1941"]
[BlackElo "1600"]
[Opening "Philidor: López counter-gambit"]
[ECO "C41"]
[NIC "KP.10"]
[Time "14:28:21"]
[TimeControl "180+0"]

1. e4 e5 2. Nf3 d6 3. Bc4 f5 4. d3 a6 5. Nc3 Nc6 6. Ng5 Nh6 7. Ne6 Bxe6 8.
Bxe6 Qe7 9. exf5 Nd4 10. Bxh6 Nxe6 11. Nd5 Qh4 12. fxe6 Qxh6 13. Nxc7+ Ke7
14. Nxa8 Qxe6 15. Nc7 {Black resigns} 1-0

[Event "ICCopen2017"]
[Site "Internet Chess Club"]
[Date "2017.03.25"]
[Round "3"]
[White "julkat-ch"]
[Black "centralsquare"]
[Result "1-0"]
[ICCResult "Black checkmated"]
[WhiteElo "1827"]
[BlackElo "1441"]
[Opening "Sicilian: Nimzovich-Rossolimo attack (without ...d6)"]
[ECO "B30"]
[NIC "SI.31"]
[Time "14:27:16"]
[TimeControl "180+0"]

1. e4 c5 2. Nf3 Nc6 3. Bb5 e6 4. Bxc6 dxc6 5. O-O b5 6. d3 Bb7 7. Ne5 Ne7 8.
f4 Ng6 9. Nd2 Be7 10. Ndf3 O-O 11. Be3 f6 12. Nxg6 hxg6 13. Qe1 g5 14. fxg5
fxg5 15. Qg3 c4 16. Rad1 Qb8 17. Qh3 cxd3 18. cxd3 c5 19. Qxe6+ Rf7 20. Nxg5
Bxg5 21. Qxf7+ Kh8 22. Bxg5 Qd6 23. Rf3 Qd4+ 24. Be3 Qxb2 25. Rh3#
{Black checkmated}
1-0